 Dungeon Sprint DCSS version 0.31-a0-128-g25add195a6 (webtiles) character file.

Game seed: 12523955860594324985

634 rocky1 the Cleaver (level 7, -1/70 HPs)
             Began as a Hill Orc Fighter on June 2, 2023.
             Was the Champion of Cheibriados.
             Killed from afar by a swamp dragon (17 damage)
             ... with a blast of poison
             ... in the Dungeon (Sprint VII: "The Pits").
             The game lasted 00:02:00 (1000 turns).

rocky1 the Cleaver (Hill Orc Fighter)               Turns: 1000, Time: 00:02:01

Health: -1/70      AC: 16    Str: 36    XL:     7   Next: 49%
Magic:  9/13       EV:  9    Int: 23    God:    Cheibriados [******]
Gold:   0          SH:  7    Dex: 25    Spells: 6/6 levels left

rFire   . . .        n - +2 hand axe (flame)
rCold   . . .        c - +0 buckler
rNeg    . . .        o - +2 plate armour
rPois   .            (no helmet)
rElec   .            (no cloak)
rCorr   .            (no gloves)
SInv    .            (no boots)
Will    .....        (no amulet) Stlth
                     (no ring)
HPRegen 0.31/turn    (no ring)
MPRegen 0.13/turn

%: no teleportation
@: lethally poisoned (-1 -> -8), very slow
A: no striking features
a: Renounce Religion, Bend Time, Temporal Distortion, Slouch, Step From Time


You were in the Dungeon.
You worshipped Cheibriados.
Cheibriados was exalted by your worship.
You visited 1 branch

Inventory:

Hand Weapons
 a - a +0 war axe
 n - a +2 hand axe of flaming (weapon)
 p - a +2 heavy hand axe
Armour
 b - a +0 scale mail
 c - a +0 buckler (worn)
 o - a +2 plate armour (worn)
Scrolls
 j - a scroll of blinking
 l - 5 scrolls of amnesia
 m - a scroll of summoning
Potions
 d - a potion of might
 e - 4 potions of curing
 f - 6 potions of heal wounds
 g - a potion of haste
 h - 4 potions of magic
 i - 3 potions of berserk rage
 k - 2 potions of invisibility


   Skills:
 + Level 9.1 Fighting
 + Level 10.1 Axes
 + Level 9.0 Armour
 + Level 1.0 Dodging
 + Level 8.0 Shields
 * Level 8.4 Invocations


You had 6 spell levels left.
You didn't know any spells.
Your spell library was empty.

Dungeon Overview and Level Annotations

Branches:
Dungeon (1/1)

Altars:
Ashenzari
Cheibriados
Dithmenos
Elyvilon
Fedhas
Gozag
Hepliaklqana
Kikubaaqudgha
Makhleb
Nemelex Xobeh
Okawaru
Qazlal
Ru
Sif Muna
Trog
Uskayaw
Vehumet
Wu Jian
Xom
Yredelemnul
Zin
The Shining One
Beogh
Jiyva
Lugonu


Message History

You block the swamp dragon's attack.
The swamp dragon claws you but does no damage.
The swamp dragon tramples you but does no damage.
You closely miss the swamp dragon.
The swamp dragon is moderately wounded.
You are engulfed in poison gas.
You are more poisoned.
You feel very sick.
The swamp dragon breathes poison at you.
The blast of poison engulfs you.
You are more poisoned.
You barely miss the swamp dragon.
The swamp dragon is moderately wounded.
You feel very sick. You block the swamp dragon's attack.
The swamp dragon claws you but does no damage.
The swamp dragon tramples you but does no damage.
Unknown command.
You hit the swamp dragon but do no damage.
The swamp dragon is moderately wounded.
* * * LOW HITPOINT WARNING * * *
You feel very sick. The swamp dragon misses you. The swamp dragon claws you.
* * * LOW HITPOINT WARNING * * *
The swamp dragon closely misses you.
You feel better. The swamp dragon closely misses you.
The swamp dragon claws you. You block the swamp dragon's attack.
Unknown command.
You slash the swamp dragon! You burn the swamp dragon.
The swamp dragon is severely wounded.
The swamp dragon bites you!
* * * LOW HITPOINT WARNING * * *
You block the swamp dragon's attack.
The swamp dragon tramples you but does no damage.
Unknown command.
You hit the swamp dragon. You burn the swamp dragon.
The swamp dragon is severely wounded.
The swamp dragon breathes poison at you.
The blast of poison engulfs you!
You are poisoned.
You die...

#.#####'#####...<...#
#.#...)))[.##.......#
#.#...))...##.......#
#'###########.......#
#††)....#.☼ #########
#..###..#.######
#.......#)#.°..#
##.###.##)#°°..#
#.......#○@D...+
#..###..#°#°...#
#.......'.#○...#
################


You could see a swamp dragon (catching breath).

Vanquished Creatures
  A yak (D)
  A floating eye (D)
  An ice beast (D)
  A centaur (D)
  A necrophage (D)
  A scorpion (D)
  A hound (D)
  An iguana (D)
  An adder (D)
  2 white imps (D)
  An ufetubus (D)
  An orc (D)
  A ball python (D)
  An endoplasm (D)
  A goblin (D)
  2 hobgoblins (D)
  4 kobolds (D)
  A quokka (D)
  A rat (D)
24 creatures vanquished.

Notes
Turn   | Place    | Note
-------+----------+-------------------------------------------
     0 | D        | rocky1 the Hill Orc Fighter began the quest for the Orb.
     0 | D        | Reached XP level 1. HP: 19/19 MP: 1/1
    11 | D        | Noticed a scorpion
    16 | D        | Killed a scorpion
    17 | D        | Reached skill level 5 in Fighting
    17 | D        | Reached skill level 4 in Axes
    17 | D        | Reached skill level 5 in Armour
    17 | D        | Reached skill level 5 in Shields
    17 | D        | Reached XP level 2. HP: 25/30 MP: 2/2
    17 | D        | Reached XP level 3. HP: 31/37 MP: 3/3
    21 | D        | Found a bloodstained altar of Trog.
    21 | D        | Found a shimmering blue altar of Sif Muna.
    21 | D        | Found a viscous altar of Jiyva.
    21 | D        | Found a hazy altar of Hepliaklqana.
    21 | D        | Found an opulent altar of Gozag.
    22 | D        | Found a glowing golden altar of the Shining One.
    22 | D        | Found a glowing silver altar of Zin.
    22 | D        | Found a basalt altar of Yredelemnul.
    22 | D        | Found a shimmering altar of Xom.
    22 | D        | Found an ornate altar of the Wu Jian Council.
    22 | D        | Found a sacrificial altar of Ru.
    22 | D        | Found a stormy altar of Qazlal.
    22 | D        | Found an iron altar of Okawaru.
    22 | D        | Found a sparkling altar of Nemelex Xobeh.
    22 | D        | Found a burning altar of Makhleb.
    22 | D        | Found a blossoming altar of Fedhas.
    22 | D        | Found a white marble altar of Elyvilon.
    22 | D        | Found a shadowy altar of Dithmenos.
    22 | D        | Found a snail-covered altar of Cheibriados.
    24 | D        | Found a radiant altar of Vehumet.
    24 | D        | Found a corrupted altar of Lugonu.
    24 | D        | Found a roughly hewn altar of Beogh.
    25 | D        | Found a hide-covered altar of Uskayaw.
    25 | D        | Found an ancient bone altar of Kikubaaqudgha.
    25 | D        | Found a broken altar of Ashenzari.
    35 | D        | Became a worshipper of Cheibriados the Contemplative
    79 | D        | Reached XP level 4. HP: 44/44 MP: 4/4
   283 | D        | Reached * piety under Cheibriados
   291 | D        | Reached ** piety under Cheibriados
   302 | D        | Noticed a floating eye
   304 | D        | Killed a floating eye
   304 | D        | Reached *** piety under Cheibriados
   305 | D        | Reached skill level 5 in Axes
   305 | D        | Reached XP level 5. HP: 52/52 MP: 4/7
   592 | D        | Reached **** piety under Cheibriados
   593 | D        | Reached skill level 6 in Axes
   593 | D        | Reached skill level 5 in Invocations
   593 | D        | Reached XP level 6. HP: 58/61 MP: 7/10
   595 | D        | Reached skill level 7 in Axes
   598 | D        | Reached ***** piety under Cheibriados
   618 | D        | Noticed a yak
   628 | D        | Killed a yak
   629 | D        | Reached skill level 8 in Axes
   784 | D        | Noticed an ice beast
   794 | D        | Killed an ice beast
   795 | D        | Reached skill level 9 in Axes
   795 | D        | Reached skill level 1 in Dodging
   795 | D        | Reached XP level 7. HP: 69/69 MP: 12/12
   796 | D        | Reached ****** piety under Cheibriados
   989 | D        | Noticed a swamp dragon
   991 | D        | Reached skill level 10 in Axes
  1000 | D        | Killed from afar by a swamp dragon

Illustrated notes

Levels and vault maps discovered:
D:        pitsprint [storerooms_1, entrance_room_1, metal_vault_6, armoury_1,
          mini_pit_1, grid_room_1, main_hall_1, silver_pit, the_coven_2,
          the_vestibule_1, steel_vault_1, golden_pit, hallway_of_sentries,
          crystal_vault_4, iron_vault_3, final_vault]

Skill      XL: |  1  2  3  4  5  6  7 |
---------------+----------------------+-----
Fighting       | 5 7 8 9 |  9.1
Axes           | 4 5 6 9 10 | 10.1
Armour         | 5 7 8 9 |  9.0
Shields        | 5 6 7 8 |  8.0
Invocations    | 3 5 7 8 |  8.4
Dodging        | 1 |  1.0

Action                     |  1- 3 |  4- 6 |  7- 9 || total
---------------------------+-------+-------+-------++-------
  Melee: War axe           |     4 |       |       ||     4
         Hand axe          |     2 |    50 |    15 ||    67
 Invoke: Slouch            |       |       |     1 ||     1
    Use: Potion            |       |       |     2 ||     2
 Armour: Scale mail        |     3 |     4 |       ||     7
         Plate armour      |       |    11 |    13 ||    24
  Dodge: Dodged            |     1 |    14 |    13 ||    28
  Block: Buckler           |     2 |    13 |    10 ||    25

Table legend: (Time is in decaauts)
 A = Elapsed time spent in this place.
 B = Non-inter-level travel time spent in this place.
 C = Inter-level travel time spent in this place.
 D = Time resting spent in this place.
 E = Time spent auto-exploring this place.
 F = Levels seen in this place.
 G = Mean time per level.
                   A        B        C        D        E       F      G
               +--------+--------+--------+--------+--------+-----+--------+
         Total |   1059 |   1037 |     22 |    755 |      0 |   1 | 1059.0 |
       Dungeon |   1059 |   1037 |     22 |    755 |      0 |   1 | 1059.0 |
               +--------+--------+--------+--------+--------+-----+--------+

Top non-repeatable levels by time:
       D: 1059 daAuts
